cohdb
Replays
Latest Replays
All Replays
Popular Replays
Top Player Replays
Match Explorer
How It Works
Community
CoH3 Stats
Reddit
Sign in to upload your games and track your stats! →
Sign in with Steam
Match 29388141
Unlisted
Match 29388141
Overview
Messages
Build Orders
End
Vickers Machine Gun Team
Construct Section Command Post
Dingo Light Scout Car
Infantry Section
Infantry Section
Construct Platoon Command Post
Unlock M3 Stuart Light Tanks
Selects Air and Sea Battlegroup
M3 Stuart Light Tank
M3 Stuart Light Tank
Selects Commando Section Paradrop
Commando Section Paradrop
Selects Supply Surplus
Construct Resource Cache
HulkSMASH
⚓️Ruby⚓
乌拉
Pin0kyo
0
0
Comments
sign in to comment!
No comments posted yet!